Map: [ESL] Gresvan

Players

BabyMarine

  • Race: Terran Terran
  • Spawn Location: 11:00

Lambo - Winner!

  • Race: Zerg Zerg
  • League: Master
  • Spawn Location: 5:00

Event: HomeStory Cup XXIII

VOD

Have the link to the VOD?

Description

Time

  • Played on: June 30, 2023, 7:17 a.m.
  • Length: 11:45

All games in this series

Show
View Real Time Build Order
Export as new Build Order

BabyMarine Terran 

Build Orders:  

Get SALT Encoding   

  12  0:00  SCV  
  13  0:12  SCV  
  14  0:20  Supply Depot  
  14  0:24  SCV  
  15  0:42  SCV  
  16  0:43  Barracks  
  16  0:46  Refinery  
  16  0:54  SCV  
  17  1:03  Barracks  
  17  1:06  SCV  
  18  1:18  SCV  
  19  1:33  Orbital Command, Reaper  
  19  1:34  Supply Depot  
  20  1:50  Reaper  
  21  1:59  SCV  
  22  2:06  Reaper  
  23  2:09  Command Center  
  23  2:14  SCV  
  24  2:23  Barracks Reactor  
  24  2:26  SCV  
  25  2:33  Barracks  
  25  2:38  Barracks Tech Lab  
  25  2:39  SCV  
  25  2:41  Barracks  
  26  2:51  SCV, Refinery  
  27  3:08  SCV  
  27  3:09  Marine x2  
  27  3:10  Marine  
  27  3:11  Stimpack  
  31  3:20  SCV, Barracks Tech Lab  
  31  3:21  Orbital Command  
  32  3:29  Marine x4  
  32  3:33  SCV  
  36  3:38  Marine  
  37  3:45  Combat Shield  
  37  3:46  SCV  
  37  3:47  Marine x2  
  40  3:49  SCV  
  40  3:50  Marine  
  40  3:52  Marine  
  42  3:56  Marine  
  43  4:02  Factory  
  43  4:03  SCV x2  
  43  4:08  Supply Depot  
  45  4:11  Marine  
  45  4:12  Supply Depot  
  46  4:20  Marine x3  
  46  4:21  SCV  
  46  4:22  Marine  
  51  4:28  SCV  
  51  4:29  Marine  
  53  4:33  SCV  
  54  4:38  Marine x3  
  54  4:40  SCV  
  54  4:42  Marine  
  59  4:45  SCV  
  59  4:49  Starport  
  61  4:53  Barracks Reactor  
  61  4:55  Supply Depot  
  61  4:56  Marine  
  61  4:57  Marine  
  61  4:58  Marine  
  61  5:01  SCV  
  61  5:06  SCV  
  60  5:10  Barracks Reactor, Siege Tank  
  60  5:13  SCV  
  64  5:14  Marine  
  64  5:15  Marine  
  64  5:16  Engineering Bay  
  64  5:18  Refinery  
  64  5:21  Supply Depot  
  66  5:23  Marine  
  66  5:25  SCV  
  68  5:33  Medivac x2  
  68  5:35  Marine x2  
  74  5:37  SCV  
  74  5:39  SCV  
  74  5:40  Marine  
  77  5:48  Marine x2  
  77  5:49  Barracks Reactor  
  79  5:52  Refinery, Supply Depot  
  79  5:53  Marine  
  79  5:55  Marine  
  81  5:58  Marine  
  81  5:59  Siege Tank  
  85  6:07  Marine  
  86  6:13  Marine x2  
  86  6:14  Supply Depot  
  86  6:17  Terran Infantry Weapons Level 1, Marine x2  
  90  6:21  Medivac  
  90  6:25  Marine  
  92  6:26  Marine  
  92  6:27  Marine  
  92  6:31  Marine  
  96  6:34  SCV  
  96  6:37  Marine  
  97  6:40  Marine  
  97  6:43  Marine  
  97  6:44  Marine x2, Siege Tank  
  92  6:49  Marine x2  
  94  6:54  Liberator  
  94  6:59  Liberator  
  94  7:01  Marine  
  101  7:03  Marine  
  101  7:05  Marine  
  101  7:07  Marine  
  104  7:11  Marine x2  
  104  7:13  Marine  
  107  7:19  Siege Tank  
  110  7:23  Marine  
  110  7:26  Marine  
  110  7:27  Supply Depot  
  110  7:28  Marine x2  
  114  7:33  Marine x3  
  117  7:40  Supply Depot  
  117  7:44  Marine  
  111  8:02  Command Center  
  111  8:03  Marine, Siege Tank  
  114  8:05  Marine  
  114  8:07  Marine  
  114  8:10  SCV x2  
  118  8:14  Marine x2  
  118  8:17  Medivac  
  118  8:19  Marine  
  123  8:24  SCV x2  
  123  8:25  Marine  
  126  8:27  Terran Infantry Armor Level 1  
  126  8:36  SCV  
  126  8:38  Siege Tank  
  126  8:40  SCV  
  131  8:41  Marine  
  132  8:49  Marine  
  132  8:50  Marine  
  132  8:51  Marine x2  
  132  8:54  Supply Depot  
  132  8:55  Supply Depot  
  133  8:57  Supply Depot  
  133  9:01  SCV  
  134  9:11  Armory, Engineering Bay  
  134  9:14  Marine, Siege Tank, SCV  
  138  9:19  Marine x3  
  138  9:21  SCV  
  138  9:23  Marine  
  143  9:28  SCV  
  143  9:30  Marine  
  145  9:34  SCV  
  145  9:46  Marine  
  145  9:48  SCV  
  147  9:55  Marine  
  147  9:57  Marine x3  
  147  9:58  Orbital Command  
  132  10:00  Marine x2, Siege Tank  
  132  10:03  Marine, SCV  
  132  10:04  SCV, Medivac  
  142  10:07  Medivac  
  142  10:12  Marine  
  145  10:18  Marine  
  145  10:19  Marine x4  
  147  10:21  Marine  
  148  10:30  Marine  
  149  10:36  Marine x2  
  149  10:37  Marine x3  
  149  10:39  Barracks  
  149  10:40  Barracks  
  149  10:42  Barracks  
  154  10:48  Marine, Siege Tank  
  154  10:57  Marine x2  
  154  10:58  Marine x3  
  154  10:59  Marine  
  160  11:06  Marine  
  160  11:08  Command Center  
  167  11:15  Marine x2, Supply Depot  
  167  11:16  Marine, Supply Depot  
  167  11:18  Supply Depot  
  170  11:20  Marine  
  170  11:21  Marine x2  
Show
View Real Time Build Order
Export as new Build Order

Lambo Zerg - Winner!

Build Orders: Hatch First 

Get SALT Encoding   

  12  0:00  Drone  
  13  0:13  Overlord  
  13  0:19  Drone  
  14  0:32  Drone x2  
  16  0:48  Hatchery  
  15  0:51  Drone  
  15  0:54  Drone  
  17  0:57  Drone  
  18  1:08  Extractor  
  17  1:13  Spawning Pool  
  17  1:15  Drone  
  17  1:19  Drone  
  18  1:28  Drone  
  20  1:40  Drone  
  20  1:51  Drone  
  21  1:59  Queen  
  21  2:00  Queen  
  21  2:01  Zergling x4  
  27  2:11  Drone  
  27  2:13  Overlord, Metabolic Boost  
  28  2:31  Hatchery, Drone  
  28  2:34  Drone  
  28  2:35  Drone  
  30  2:39  Drone  
  31  2:46  Overlord  
  31  2:49  Queen  
  33  2:55  Drone  
  34  2:59  Zergling x4  
  35  3:06  Zergling x4  
  35  3:11  Zergling x6  
  40  3:19  Overlord  
  40  3:20  Drone  
  40  3:22  Queen  
  43  3:30  Drone  
  44  3:37  Queen  
  46  3:43  Drone x5  
  51  3:49  Drone  
  51  3:56  Drone, Queen  
  51  3:58  Overlord  
  51  3:59  Drone x2  
  56  4:03  Queen  
  56  4:07  Overlord  
  58  4:15  Overlord  
  58  4:19  Drone x5  
  58  4:22  Drone  
  58  4:24  Queen  
  64  4:27  Drone x4  
  64  4:30  Drone  
  71  4:35  Drone, Queen  
  74  4:39  Zergling x6  
  74  4:43  Zergling x6  
  80  4:47  Zergling x2, Baneling Nest  
  80  4:51  Zergling x4  
  82  4:59  Zergling x2  
  82  5:05  Overlord  
  81  5:07  Overlord x2  
  81  5:09  Queen  
  81  5:10  Overlord  
  81  5:12  Overlord  
  81  5:13  Overlord  
  81  5:14  Overlord  
  82  5:27  Drone x8  
  90  5:28  Drone  
  90  5:30  Hatchery  
  90  5:32  Extractor x2  
  90  5:34  Lair  
  88  5:37  Drone x2  
  88  5:40  Zergling x6  
  93  5:45  Drone x2  
  93  5:49  Zergling x2  
  101  5:50  Zergling x10  
  101  5:51  Baneling x3  
  101  5:55  Zergling x2  
  102  5:59  Evolution Chamber  
  102  6:00  Zergling x4  
  102  6:01  Baneling x2  
  102  6:02  Zergling x2  
  102  6:03  Zergling x6  
  107  6:13  Baneling x3  
  107  6:14  Zergling x16  
  107  6:17  Overlord  
  115  6:18  Baneling x3  
  115  6:22  Overlord  
  115  6:25  Queen  
  117  6:26  Overlord  
  117  6:27  Baneling x2  
  117  6:29  Zergling x2  
  111  6:44  Drone x8, Queen  
  111  6:45  Zergling x8  
  117  6:50  Zerg Ground Armor Level 1  
  117  6:53  Evolution Chamber  
  116  6:55  Extractor, Zergling x8  
  116  7:00  Drone  
  120  7:02  Zergling x8  
  120  7:06  Centrifugal Hooks  
  124  7:10  Zergling x10  
  124  7:13  Zergling x8  
  133  7:19  Baneling x4  
  133  7:20  Baneling x2  
  133  7:26  Zergling x2  
  133  7:27  Zergling x8  
  138  7:31  Overlord  
  138  7:37  Zergling x6  
  138  7:40  Zerg Melee Weapons Level 1  
  140  7:44  Zergling x2  
  140  7:45  Zergling x16  
  140  7:48  Overlord  
  137  7:52  Baneling x7  
  137  7:55  Zergling x6  
  137  7:56  Hatchery  
  137  7:57  Queen x2  
  139  7:59  Zergling x4  
  139  8:00  Baneling x3  
  139  8:08  Drone x3, Spore Crawler  
  139  8:09  Spore Crawler  
  139  8:10  Spore Crawler, Baneling x3  
  139  8:13  Zergling x6  
  142  8:21  Drone, Zergling x12  
  142  8:23  Baneling x2  
  149  8:36  Zergling x22  
  149  8:40  Zergling x8  
  164  8:41  Baneling x4  
  164  8:46  Zergling x4  
  161  8:55  Zergling x8  
  161  8:56  Baneling  
  161  8:57  Zerg Ground Armor Level 2  
  161  9:01  Infestation Pit  
  161  9:02  Zergling x6  
  166  9:06  Drone  
  166  9:07  Drone x3  
  169  9:11  Zergling x8  
  171  9:21  Drone x5  
  171  9:23  Extractor  
  174  9:30  Zergling x2  
  174  9:31  Zergling x12  
  180  9:37  Zergling x10  
  182  9:45  Zergling x10  
  182  9:47  Overlord  
  182  9:48  Hatchery  
  182  9:50  Hive  
  175  9:58  Zergling x22  
  182  10:04  Queen  
  182  10:05  Drone x2  
  186  10:09  Zergling x8  
  189  10:17  Zergling x6  
  190  10:37  Overlord  
  190  10:38  Baneling  
  190  10:39  Baneling x13  
  190  10:41  Baneling x10  
  189  10:54  Extractor  
  189  10:55  Zergling x2  
  189  10:56  Zergling x18  
  197  11:09  Ultralisk Cavern  
  197  11:11  Viper  
  196  11:13  Zergling x2  
  200  11:21  Baneling x4  
Tags
 
Add a new tag
Caveats
  • Supply blocks, unpowered buildings, or Contaminate may cause inaccurate times.
  • Supply counts are checked every 10 seconds.